Map: Waterfall

Players

Creator

  • Race: Protoss Protoss
  • League: Master
  • Spawn Location: 1:00

Maru - Winner!

  • Race: Terran Terran
  • League: Master
  • Spawn Location: 7:00

VOD

Have the link to the VOD?

Description

Time

  • Played on: Oct. 20, 2022, 8:35 a.m.
  • Length: 7:51
Show
View Real Time Build Order
Export as new Build Order

Creator Protoss 

Build Orders: 1 Gate Expand, Oracle Opening 

Get SALT Encoding   

  12  0:00  Probe  
  13  0:12  Probe  
  14  0:17  Pylon  
  14  0:24  Probe (Chrono Boost)  
  16  0:36  Gateway  
  16  0:37  Probe (Chrono Boost)  
  16  0:42  Probe (Chrono Boost)  
  16  0:45  Assimilator  
  17  0:51  Probe  
  18  1:03  Probe  
  19  1:15  Probe  
  20  1:23  Cybernetics Core  
  20  1:33  Nexus  
  20  1:40  Pylon  
  20  1:44  Probe  
  21  1:49  Assimilator  
  21  1:56  Probe  
  21  1:57  Adept (Chrono Boost)  
  24  2:08  Probe  
  25  2:17  Adept (Chrono Boost)  
  25  2:20  Probe  
  28  2:32  Stargate, Probe  
  29  2:39  Adept  
  30  2:45  Probe (Chrono Boost)  
  30  2:47  Warp Gate  
  30  2:48  Probe (Chrono Boost)  
  32  2:54  Shield Battery  
  32  2:56  Probe (Chrono Boost)  
  34  3:00  Probe (Chrono Boost)  
  34  3:01  Probe (Chrono Boost)  
  35  3:09  Probe  
  35  3:12  Oracle (Chrono Boost), Probe  
  40  3:21  Probe  
  40  3:24  Probe  
  42  3:27  Pylon  
  42  3:35  Probe  
  42  3:37  Probe  
  42  3:39  Twilight Council  
  44  3:43  Gateway  
  43  3:51  Probe x2  
  43  3:52  Gateway  
  45  4:03  Gateway, Probe x2  
  45  4:07  Phoenix (Chrono Boost)  
  49  4:16  Blink (Chrono Boost)  
  49  4:18  Probe  
  48  4:28  Probe  
  48  4:31  Probe  
  48  4:37  Assimilator, Stalker  
  50  4:40  Probe  
  50  4:41  Stalker  
  50  4:43  Probe  
  54  5:03  Pylon  
  54  5:05  Pylon  
  54  5:14  Nexus  
  54  5:16  Pylon  
  56  5:21  Probe x2  
  56  5:23  Stalker x2  
  56  5:25  Stalker  
  62  5:29  Stalker  
  62  5:33  Probe  
  63  5:37  Probe  
  64  5:45  Probe  
  64  5:47  Stalker x2, Pylon  
  69  5:52  Stalker  
  69  5:55  Probe  
  72  6:01  Stalker  
  72  6:04  Pylon  
  74  6:10  Forge  
  74  6:11  Forge  
  74  6:12  Sentry  
  74  6:13  Probe  
  74  6:14  Probe  
  78  6:24  Stalker  
  68  6:46  Probe x2  
  70  6:47  Stalker  
  70  6:50  Probe  
  73  6:59  Probe x2  
  75  7:02  Probe  
  74  7:08  Zealot  
  74  7:09  Zealot x2  
  74  7:11  Shield Battery  
  76  7:15  Zealot  
  76  7:20  Gateway  
  76  7:22  Probe  
  79  7:23  Gateway, Probe  
  79  7:25  Gateway  
  79  7:29  Shield Battery, Stalker x2  
  84  7:31  Stalker  
  80  7:39  Stalker  
Show
View Real Time Build Order
Export as new Build Order

Maru Terran - Winner!

Build Orders:  

Get SALT Encoding   

  12  0:00  SCV  
  13  0:12  SCV  
  14  0:17  Supply Depot  
  14  0:24  SCV  
  15  0:38  SCV  
  15  0:39  Barracks  
  16  0:45  Refinery  
  16  0:50  SCV  
  16  0:54  Refinery  
  17  1:02  SCV  
  18  1:15  SCV  
  19  1:26  Reaper, Orbital Command  
  20  1:44  Factory  
  20  1:48  Supply Depot  
  20  1:52  SCV  
  21  1:58  Reaper  
  22  2:04  SCV  
  23  2:16  SCV  
  24  2:27  Command Center  
  24  2:28  SCV  
  25  2:32  Hellion  
  27  2:40  SCV, Starport  
  28  2:46  Supply Depot  
  28  2:52  SCV  
  28  2:53  Widow Mine  
  31  3:01  Barracks Reactor  
  31  3:08  SCV  
  32  3:14  Widow Mine  
  32  3:18  Medivac  
  36  3:20  SCV  
  37  3:32  SCV  
  38  3:39  Widow Mine, Marine, Orbital Command  
  38  3:40  Marine  
  42  3:44  SCV  
  42  3:49  Viking  
  43  3:56  SCV  
  43  3:57  Marine x2  
  43  3:59  Barracks  
  43  4:01  Factory Tech Lab  
  46  4:11  SCV  
  46  4:12  SCV  
  46  4:15  Marine x2  
  50  4:21  Cyclone  
  50  4:23  SCV  
  54  4:25  SCV  
  54  4:27  Supply Depot  
  54  4:38  Starport Tech Lab  
  54  4:41  Supply Depot  
  54  4:48  Marine x2  
  54  4:49  SCV x2  
  58  4:56  Siege Tank  
  59  5:01  SCV x2  
  59  5:03  Supply Depot  
  59  5:06  Marine  
  60  5:07  Barracks  
  60  5:09  Starport Tech Lab  
  60  5:10  Stimpack, Marine  
  60  5:13  SCV x2  
  60  5:14  Refinery  
  63  5:19  Engineering Bay  
  63  5:24  Marine x2  
  63  5:25  SCV x2  
  63  5:27  Supply Depot, Raven  
  69  5:36  Marine  
  69  5:37  SCV x2  
  69  5:42  Marine  
  75  5:45  Marine  
  74  5:50  Supply Depot x2, Terran Infantry Weapons Level 1  
  74  5:53  Marine  
  74  5:56  SCV x2  
  77  5:58  Factory Reactor  
  77  6:00  Marine  
  78  6:05  Supply Depot  
  78  6:06  Refinery, Combat Shield  
  78  6:07  Marauder, Marine  
  81  6:12  Marauder  
  81  6:16  Starport Reactor  
  81  6:18  Marine  
  84  6:25  Marine  
  84  6:28  Marauder  
  87  6:33  Marauder  
  87  6:36  Marine  
  92  6:46  Marine  
  87  6:49  Marauder  
  87  6:51  Supply Depot  
  87  6:53  Medivac, Marine  
  87  6:54  Medivac, Siege Tank, Marauder  
  92  6:59  Command Center  
  95  7:03  Marine  
  89  7:11  Marauder, Marine  
  90  7:16  Marauder  
  90  7:19  SCV x2  
  90  7:21  Marine  
  95  7:26  Barracks  
  95  7:27  Barracks  
  98  7:31  SCV  
  98  7:32  Marine  
  99  7:39  SCV  
Tags
 
Add a new tag
Caveats
  • Supply blocks, unpowered buildings, or Contaminate may cause inaccurate times.
  • Supply counts are checked every 10 seconds.